 Dungeon Crawl Stone Soup version 0.31.0-32-g396128a36d (webtiles) character file.

Game seed: 10570743357163641529

6358 NimIero the Stormcaller (level 10, -4/51 HPs)
             Began as a Tengu Air Elementalist on Apr 12, 2024.
             Was an Initiate of Gozag.
             Slain by a shadow (29 damage)
             ... on level 9 of the Dungeon.
             The game lasted 00:54:20 (12356 turns).

NimIero the Stormcaller (Tengu Air Elementalist)   Turns: 12356, Time: 00:54:21

Health: -4/51      AC:  9    Str:  9    XL:     10   Next: 96%
Magic:  22/22      EV: 16    Int: 20    God:    Gozag
Gold:   1236       SH:  0    Dex: 14    Spells: 10/24 levels left

rFire   . . .        j - +0 dagger (venom)
rCold   + . .        (no shield)
rNeg    . . .        a - +2 leather armour {rPois}
rPois   +            (helmet restricted)
rElec   .            t - +0 cloak
rCorr   .            F - +2 pair of gloves
SInv    .            (boots unavailable)
Will    .....        (no amulet)
Stlth   ++           d - ring of protection from cold
HPRegen 0.28/turn    q - ring of wizardry
MPRegen 0.18/turn

%: acrobat, wizardry (x1)
@: flying
A: beak, talons 3, evasive flight, acrobatic
a: Renounce Religion, Potion Petition, Call Merchant, Bribe Branch


You were on level 9 of the Dungeon.
You worshipped Gozag.
Gozag was most pleased with you.
You visited 2 branches of the dungeon, and saw 10 of its levels.

You collected 1286 gold pieces.
You paid 50 gold pieces to Gozag.

Inventory:

Hand Weapons
 f - a +0 dagger
 j - a +0 dagger of venom (weapon)
 l - a +1 dagger of flaming
 C - a +1 scimitar of protection
Missiles
 e - 11 poisoned darts (quivered)
 s - 2 throwing nets
 u - 6 boomerangs
Armour
 a - a +2 leather armour of poison resistance (worn)
 k - a +2 robe of positive energy
 t - a +0 cloak (worn)
 y - a +2 leather armour of willpower
 E - a +2 robe of willpower
 F - a +2 pair of gloves (worn)
 J - a +2 buckler of reflection
Jewellery
 d - a ring of protection from cold (left hand)
 q - a ring of wizardry (right hand)
 D - a +5 ring of evasion
 H - an amulet of regeneration
Wands
 G - a wand of light (6)
Scrolls
 c - a scroll of blinking {unknown}
 h - a scroll of amnesia
 m - a scroll of noise {unknown}
 n - 6 scrolls of identify
 r - a scroll of silence {unknown}
 w - a scroll of enchant armour
 z - a scroll of brand weapon {unknown}
 A - a scroll of teleportation
Potions
 b - 4 potions of magic
 g - 3 potions of might
 i - a potion of degeneration {unknown}
 o - 2 potions of curing {unknown}
 p - a potion of attraction {unknown}
 v - a potion of lignification {unknown}
 x - a potion of heal wounds {unknown}
 B - a potion of cancellation {unknown}
 I - a potion of haste {unknown}


   Skills:
 + Level 0.9 Fighting
 + Level 1.6 Short Blades
 + Level 3.9 Armour
 + Level 3.5 Dodging
 + Level 3.0 Stealth
 + Level 7.8 Spellcasting
 + Level 7.1 Conjurations
 + Level 1.9 Summonings
 * Level 15.1 Air Magic


You had 10 spell levels left.
You knew the following spells:

 Your Spells              Type           Power      Damage    Failure   Level
a - Shock                 Conj/Air       100%       1d9       1%          1
b - Static Discharge      Conj/Air       100%       3-8/arc   1%          2
c - Swiftness             Air            62%        N/A       1%          3
d - Airstrike             Air            31%        2d(5-21)  1%          4
e - Summon Lightning Spi  Summ/Air       42%        N/A       1%          4

Your spell library contained the following spells:

 Spells                   Type           Power      Damage    Failure   Level
 Slow                     Hex            28%        N/A       4%          1
 Confusing Touch          Hex            7%         N/A       14%         3
 Sigil of Binding         Hex            7%         N/A       14%         3
 Vampiric Draining        Necr           7%         2d6       14%         3


Dungeon Overview and Level Annotations

Branches:
Dungeon (9/15)             Temple (1/1) D:4
   Lair: D:8-11         Orc: D:9-12

Altars:
Cheibriados
Dithmenos
Elyvilon
Fedhas
Gozag
Hepliaklqana
Kikubaaqudgha
Makhleb
Nemelex Xobeh
Okawaru
Qazlal
Ru
Trog
Uskayaw
Vehumet
Wu Jian
Xom
Yredelemnul
Zin
The Shining One


Innate Abilities, Weirdness & Mutations

You have a beak for a mouth.
You have claws for feet.
Your magical flight helps you evade attacks. (EV +4)
You can magically evade attacks while moving or waiting.


Message History

Casting: Shock (safe; 1% risk of failure)
Confirm with . or Enter, or press ? or * to list all spells.
Aiming: Shock (safe; 1% risk of failure)
Press: ? - help, Shift-Dir - straight line, f/p - bullfrog
Aim: a bullfrog (almost dead, 67% to hit)
The zap hits the bullfrog.
You kill the bullfrog!
You now have 1227 gold pieces (gained 6).
Things that are here:
a +2 war axe; a +0 leather armour; a +2 buckler of reflection You now have 1231 gold pieces (gained 4).
You now have 1236 gold pieces (gained 5).
You start resting.
Magic restored.
You start resting.
HP restored.
Things that are here:
a +2 war axe; a +0 leather armour; a +2 buckler of reflection
J - a +2 buckler of reflection
Things that are here:
a +2 hand axe; a +0 robe You see here a +0 morningstar.
Things that are here:
a +2 hand axe; a +0 robe
Things that are here:
a +2 war axe; a +0 leather armour A shadow comes into view.
The shadow slips into darkness.
The shadow flickers and vanishes!
Deactivating autopickup; reactivate with Ctrl-A.
The shadow strikes at you from the darkness!
Ouch! That really hurt!
Reactivating autopickup.
The shadow slips into darkness.
The shadow flickers and vanishes!
Deactivating autopickup; reactivate with Ctrl-A.
You hit something but do no damage.
The shadow strikes at you from the darkness!
Ouch! That really hurt!
You die...
Your body crumbles into a pile of gold.

########################
........................
..))..).................
################..######
### #..# .~## #..#
################..######
##⌠###..........@.......
.##~.#....##############
.⌠.~~##.### ##)..##.# ♣
..~.##..#.♣ ##~_##.$..♣
.~#####.#.♣ ⌠.## #.#...
### ..# ###


There were no monsters in sight!

Vanquished Creatures
  A two-headed ogre (D:9)
  Pikel (D:7)
  Sigmund (D:2)
  6 yaks (D:6)
  A wraith (D:9)
  A steam dragon (D:9)
  Menkaure (D:6)
  An orc warrior (D:8)
  2 centaurs
  3 ogres
  A kobold brigand (D:8)
  A lemure (D:6)
  A phantom (D:5)
  6 scorpions
  3 bullfrogs
  3 wights
  2 killer bees (D:9)
  A howler monkey (D:6)
  A bombardier beetle (D:6)
  7 hounds
  A gnoll bouda (D:5)
  A jelly (D:7)
  An orc priest (D:8)
  3 sleepcaps
  5 iguanas
  Jessica (D:2)
  8 orc wizards
  4 adders
  4 gnolls (D:8)
  2 white imps (D:7)
  2 ufetubi (D:5)
  A ribbon worm (D:2)
  A dart slug (D:1)
  23 orcs
  9 endoplasms
  2 giant cockroaches
  8 goblins
  4 hobgoblins
  2 jackals (D:4)
  7 kobolds
  6 quokkas
  5 ball pythons
  4 bats
  6 frilled lizards
  8 rats
162 creatures vanquished.

Vanquished Creatures (collateral kills)
  A tengu warrior (D:9)
  A manticore (D:9)
  A wyvern (D:8)
  A wraith (D:9)
  An orc warrior (D:9)
  A wight (D:8)
  An orc priest (D:8)
  A gnoll bouda (D:8)
  3 orcs (D:8)
  2 kobolds (D:8)
13 creatures vanquished.

Grand Total: 175 creatures vanquished

Notes
Turn   | Place    | Note
-------+----------+-------------------------------------------
     0 | D:1      | NimIero the Tengu Air Elementalist began the quest for the
                  | Orb.
     0 | D:1      | Reached XP level 1. HP: 10/10 MP: 4/4
   188 | D:1      | Reached XP level 2. HP: 15/15 MP: 4/6
   603 | D:1      | Learned a level 2 spell: Static Discharge
   789 | D:1      | Reached XP level 3. HP: 19/19 MP: 4/7
   796 | D:1      | Reached skill level 5 in Air Magic
  1232 | D:2      | Noticed Jessica
  1296 | D:2      | Killed Jessica
  1297 | D:2      | Reached XP level 4. HP: 16/24 MP: 0/8
  1593 | D:2      | Found a faded altar of an unknown god.
  1732 | D:2      | Noticed Sigmund
  1739 | D:2      | Killed Sigmund
  1740 | D:2      | Reached skill level 1 in Armour
  1740 | D:2      | Reached skill level 6 in Air Magic
  1740 | D:2      | Reached XP level 5. HP: 26/28 MP: 4/10
  1740 | D:2      | Reached XP level 6. HP: 29/32 MP: 4/11
  1744 | D:2      | Learned a level 3 spell: Swiftness
  1749 | D:2      | Learned a level 4 spell: Airstrike
  2438 | D:3      | Found a shadowy altar of Dithmenos.
  3181 | D:4      | Reached skill level 7 in Air Magic
  3227 | D:4      | Found a sparkling altar of Nemelex Xobeh.
  3482 | D:4      | Found a glowing golden altar of the Shining One.
  3561 | D:4      | Found a staircase to the Ecumenical Temple.
  3620 | Temple   | Entered the Ecumenical Temple
  3643 | Temple   | Became a worshipper of Gozag Ym Sagoz the Greedy
  3771 | D:4      | Gained mutation: Your magical flight helps you evade
                  | attacks. (EV +4) [Tengu growth]
  3771 | D:4      | Reached XP level 7. HP: 36/36 MP: 7/13
  3916 | D:4      | Reached skill level 8 in Air Magic
  4195 | D:5      | Entered Level 5 of the Dungeon
  5208 | D:5      | Reached skill level 1 in Short Blades
  5208 | D:5      | Reached XP level 8. HP: 41/41 MP: 6/15
  5372 | D:5      | Found a hazy altar of Hepliaklqana.
  5433 | D:5      | Reached skill level 9 in Air Magic
  5908 | D:5      | Found a basalt altar of Yredelemnul.
  6083 | D:5      | Reached skill level 10 in Air Magic
  6506 | D:5      | Found a burning altar of Makhleb.
  6605 | D:5      | Reached skill level 5 in Spellcasting
  6701 | D:5      | Reached skill level 5 in Conjurations
  6859 | D:5      | Found a radiant altar of Vehumet.
  6859 | D:5      | Found an ancient bone altar of Kikubaaqudgha.
  7065 | D:6      | Reached skill level 11 in Air Magic
  7249 | D:6      | Reached XP level 9. HP: 45/45 MP: 11/17
  7455 | D:6      | Noticed Menkaure
  7458 | D:6      | Killed Menkaure
  8185 | D:6      | Reached skill level 12 in Air Magic
  8844 | D:7      | Noticed Pikel
  9116 | D:7      | Killed Pikel
  9117 | D:7      | Reached skill level 13 in Air Magic
  9117 | D:7      | Reached XP level 10. HP: 51/51 MP: 4/20
  9343 | D:7      | Learned a level 4 spell: Summon Lightning Spire
 11164 | D:9      | Noticed a two-headed ogre
 11169 | D:9      | Killed a two-headed ogre
 11170 | D:9      | Reached skill level 1 in Summonings
 11170 | D:9      | Reached skill level 14 in Air Magic
 11531 | D:9      | Noticed a manticore
 11540 | D:9      | Killed a manticore
 11948 | D:9      | Found a shimmering altar of Xom.
 12226 | D:9      | Noticed a tengu warrior
 12258 | D:9      | Killed a tengu warrior
 12259 | D:9      | Reached skill level 15 in Air Magic
 12356 | D:9      | Slain by a shadow

Illustrated notes

Levels and vault maps discovered:
D:1:      enne_arrival_octagon_isle, layout_basic
D:2:      layout_rooms, dreamdust_ecumenical_altar_statues, st_stairs_14,
          dreamdust_princess_corridor, grunt_decor_cap, uniq_sigmund,
          uniq_jessica
D:3:      layout_basic, nicolae_dithmenos_shadow_blocks
D:4:      layout_loops_ring, nicolae_tso_swordbearing_angel,
          mainiacjoe_overflow_cross_hatched, minmay_temple_entry_stoned_glass,
          kennysheep_generic_room_16
D:5:      minmay_chambers_of_threes, layout_rooms, amcnicky_altar_gilded,
          mainiacjoe_overflow_alcove_4, mainiacjoe_overflow_alcove_1,
          gammafunk_temple_overflow_pools
D:6:      layout_gridville, uniq_menkaure
D:7:      layout_cave_pools, kennysheep_generic_room_3, uniq_pikel
D:8:      layout_gridville
D:9:      nzn_winding_woodlands_large [nzn_winding_woodlands_5x5_closed_star,
          nzn_winding_woodlands_5x15_split_checker,
          nzn_winding_woodlands_5x5_three,
          nzn_winding_woodlands_center_diamonds,
          nzn_winding_woodlands_15x15_five_gardens,
          nzn_winding_woodlands_center_lodge,
          nzn_winding_woodlands_5x5_open_star,
          nzn_winding_woodlands_5x15_concentric,
          nzn_winding_woodlands_5x5_checkerboard], layout_long_grid,
          ashenzari_conservatory_becter, tgw_xom
Temple:   nicolae_temple_bog_church

Skill      XL: |  1  2  3  4  5  6  7  8  9 10 |
---------------+-------------------------------+-----
Air Magic      | 5 6 7 8 11 13 15 | 15.1
Conjurations   | 2 3 4 5 6 7 |  7.1
Armour         | 1 2 3 |  3.9
Spellcasting   | 3 4 5 6 7 |  7.8
Short Blades   | 1 |  1.6
Dodging        | 3 |  3.5
Summonings     | 1 |  1.9
Stealth        | 3 |  3.0
Fighting       | |  0.9

Action                     |  1- 3 |  4- 6 |  7- 9 | 10-12 || total
---------------------------+-------+-------+-------+-------++-------
  Melee: Unarmed           |     8 |       |       |       ||     8
         Kick              |     4 |     5 |    16 |     4 ||    29
         Peck              |     1 |     6 |    17 |     2 ||    26
         Dagger            |       |    19 |    51 |    12 ||    82
         Punch             |       |     1 |       |       ||     1
   Cast: Shock             |    63 |    45 |   109 |    86 ||   303
         Static Discharge  |     1 |    12 |    25 |    15 ||    53
         Swiftness         |       |     2 |     1 |       ||     3
         Airstrike         |       |     1 |    44 |     2 ||    47
         Summon Lightning  |       |       |       |    12 ||    12
    Use: Scroll            |       |     1 |     1 |     3 ||     5
   Stab: Sleeping          |       |     1 |     1 |       ||     2
 Armour: Leather armour    |     4 |    24 |    51 |    52 ||   131
  Dodge: Dodged            |    10 |    22 |    75 |    53 ||   160
